Map: Through the Darkness

Players

Tesla

  • Race: Protoss Protoss

Dxros - Winner!

  • Race: Zerg Zerg

VOD

Have the link to the VOD?

Description

Time

  • Played on: Sept. 26, 2016, 2:15 p.m.
  • Length: 10:17
Show
View Real Time Build Order
Export as new Build Order

Tesla Protoss 

Build Orders:  

Get SALT Encoding   

  12  0:01  Probe (Chrono Boost)  
  13  0:11  Probe (Chrono Boost)  
  14  0:18  Pylon  
  14  0:22  Probe (Chrono Boost)  
  15  0:36  Probe (Chrono Boost)  
  15  0:38  Gateway  
  16  0:46  Probe (Chrono Boost)  
  18  0:57  Probe (Chrono Boost)  
  18  1:01  Assimilator  
  18  1:07  Probe (Chrono Boost)  
  19  1:18  Probe (Chrono Boost)  
  20  1:25  Cybernetics Core  
  20  1:28  Probe (Chrono Boost)  
  21  1:34  Zealot  
  23  1:52  Nexus  
  23  1:57  Pylon  
  23  2:00  Assimilator  
  25  2:15  Mothership Core (Chrono Boost)  
  25  2:17  Warp Gate  
  25  2:18  Gateway  
  25  2:21  Gateway  
  25  2:28  Assimilator  
  25  2:35  Probe (Chrono Boost)  
  26  2:45  Stalker  
  26  2:47  Probe (Chrono Boost)  
  29  2:51  Gateway  
  30  2:59  Probe (Chrono Boost)  
  30  3:05  Probe (Chrono Boost)  
  31  3:11  Probe (Chrono Boost)  
  32  3:15  Probe (Chrono Boost)  
  33  3:21  Adept x2  
  33  3:23  Probe (Chrono Boost), Adept  
  33  3:26  Probe (Chrono Boost)  
  41  3:31  Pylon  
  41  3:40  Probe (Chrono Boost)  
  43  3:41  Probe (Chrono Boost)  
  43  3:42  Stalker  
  45  3:51  Probe (Chrono Boost)  
  45  3:53  Probe (Chrono Boost)  
  45  3:55  Stalker  
  49  4:01  Probe (Chrono Boost)  
  50  4:06  Probe (Chrono Boost)  
  51  4:12  Probe (Chrono Boost), Assimilator  
  51  4:15  Pylon  
  53  4:17  Gateway  
  53  4:18  Probe (Chrono Boost)  
  53  4:22  Robotics Facility  
  53  4:26  Probe (Chrono Boost)  
  54  4:35  Probe (Chrono Boost)  
  54  4:36  Probe (Chrono Boost)  
  56  4:39  Stalker  
  56  4:40  Stalker  
  56  4:41  Adept  
  62  4:54  Pylon  
  62  4:55  Pylon  
  62  4:57  Pylon  
  62  5:10  Observer  
  62  5:13  Probe (Chrono Boost)  
  65  5:14  Probe (Chrono Boost)  
  65  5:23  Twilight Council  
  65  5:24  Forge  
  65  5:26  Probe (Chrono Boost), Warp Prism  
  65  5:27  Pylon  
  66  5:34  Stalker  
  66  5:35  Stalker  
  72  5:42  Stalker  
  74  5:48  Stalker  
  76  5:51  Adept  
  76  5:53  Protoss Ground Weapons Level 1  
  78  5:57  Immortal  
  78  6:01  Resonating Glaives  
  82  6:11  Adept x2  
  82  6:17  Probe (Chrono Boost)  
  87  6:24  Stalker x2  
  91  6:26  Adept  
  93  6:43  Pylon  
  93  6:44  Pylon  
  92  6:48  Pylon  
  92  6:50  Pylon  
  92  6:52  Pylon  
  92  6:54  Pylon  
  92  6:56  Immortal  
  92  6:58  Pylon  
  92  7:00  Adept  
  98  7:13  Stalker x2  
  98  7:14  Stalker x2  
  69  7:30  Immortal  
  69  7:40  Protoss Ground Weapons Level 2  
  69  7:42  Adept x4  
  69  7:43  Adept  
  65  8:03  Probe x2 (Chrono Boost), Blink  
  67  8:09  Stalker x2  
  67  8:10  Zealot, Stalker x2  
  75  8:27  Stargate  
  74  8:36  Stalker  
  74  8:37  Stalker  
  75  8:45  Stalker x2  
  75  8:49  Stalker  
  77  9:02  Stalker x2  
  77  9:17  Stalker  
  77  9:21  Pylon  
  78  9:27  Stalker x2  
  82  9:32  Phoenix  
  86  9:40  Mothership Core (Chrono Boost)  
  86  9:42  Stalker  
  82  9:50  Stalker x2  
  86  9:59  Stalker x2  
  71  10:09  Stalker  
  61  10:15  Stalker  
Show
View Real Time Build Order
Export as new Build Order

Dxros Zerg - Winner!

Build Orders: Hatch First 

Get SALT Encoding   

  12  0:02  Drone  
  13  0:12  Overlord  
  13  0:17  Drone  
  14  0:33  Drone x2  
  16  0:41  Drone  
  17  0:54  Hatchery  
  17  0:56  Drone  
  17  0:59  Drone  
  18  1:15  Spawning Pool  
  18  1:17  Extractor  
  16  1:19  Drone  
  16  1:21  Drone  
  18  1:30  Drone  
  19  1:41  Overlord  
  19  1:59  Drone  
  20  2:05  Queen  
  20  2:06  Queen  
  20  2:08  Drone x2  
  26  2:14  Drone  
  27  2:22  Metabolic Boost  
  27  2:24  Zergling x4  
  29  2:47  Hatchery  
  29  2:50  Drone x4  
  29  2:51  Drone  
  33  2:54  Overlord  
  33  3:00  Queen  
  33  3:02  Drone  
  35  3:18  Zergling x4  
  37  3:23  Zergling x8  
  41  3:35  Drone x2  
  41  3:38  Extractor  
  43  3:41  Zergling x2  
  43  3:45  Overlord  
  43  3:52  Spore Crawler  
  43  3:54  Drone  
  44  4:10  Drone x12  
  44  4:15  Lair  
  55  4:27  Overlord, Drone x3  
  55  4:28  Overlord  
  58  4:33  Pneumatized Carapace  
  58  4:36  Overlord  
  58  4:39  Spore Crawler, Drone  
  58  4:46  Spore Crawler, Queen  
  58  4:48  Overlord  
  58  4:49  Drone x4  
  58  4:52  Extractor  
  62  4:54  Extractor  
  62  5:00  Drone x4  
  65  5:10  Drone x2  
  65  5:11  Drone  
  65  5:13  Extractor  
  67  5:16  Extractor, Queen  
  67  5:18  Drone x3  
  67  5:20  Drone x3  
  74  5:24  Drone x2  
  74  5:25  Drone  
  74  5:26  Zergling x6  
  74  5:58  Zergling x2  
  74  5:59  Zergling x28  
  89  6:05  Spire  
  89  6:07  Baneling Nest  
  87  6:15  Zergling x6  
  90  6:21  Overlord  
  90  6:22  Overlord  
  90  6:24  Overlord  
  88  6:52  Baneling x8  
  88  6:53  Baneling x16, Zergling x2  
  90  6:54  Zergling x24  
  90  6:58  Hatchery  
  100  7:15  Zergling x16  
  88  7:17  Baneling x3  
  88  7:18  Baneling x4  
  74  7:39  Zergling x6  
  74  7:40  Zergling x8  
  74  7:41  Mutalisk x2  
  74  7:42  Mutalisk x6  
  89  7:52  Baneling x2  
  89  7:56  Mutalisk  
  89  7:57  Mutalisk x5  
  101  8:07  Baneling  
  101  8:08  Baneling x2  
  101  8:19  Baneling x3, Queen  
  101  8:21  Drone x10  
  101  8:24  Overlord  
  111  8:43  Mutalisk x2  
  111  8:44  Mutalisk x5  
  111  8:47  Zergling x4  
  127  8:50  Overlord  
  127  8:51  Overlord  
  127  9:14  Mutalisk  
  127  9:15  Mutalisk x4  
  137  9:18  Zergling x6  
  137  9:19  Zergling x6  
  137  9:20  Overlord  
  137  9:23  Extractor  
  137  9:24  Extractor, Drone  
  143  9:31  Baneling x4  
  140  9:48  Baneling  
  140  9:49  Baneling x4  
  140  9:50  Baneling  
  140  9:51  Baneling x6, Overlord  
  140  9:52  Overlord  
  140  9:53  Zergling x2  
  140  9:54  Zergling x12  
Tags
 
Add a new tag
Caveats
  • Supply blocks, unpowered buildings, or Contaminate may cause inaccurate times.
  • Supply counts are checked every 10 seconds.